[Event "CZE-ch Open 2019"]
[Site "Ostrava"]
[Date "2019.05.03"]
[Round "7.28"]
[White "Jedlicka, Ales"]
[Black "Vorisek, Jakub"]
[Result "1-0"]
[ECO "D34"]
[WhiteElo "2236"]
[BlackElo "1991"]
[Annotator "NA"]
[PlyCount "69"]
[EventDate "2019.04.27"]
[EventType "swiss"]
[EventCountry "CZE"]
[SourceTitle "playchess.com"]
[Source "ChessBase"]
[SourceQuality "1"]
[TimeControl "40/5400+30:1800+30"]

1. d4 e6 2. c4 d5 3. Nf3 c5 4. cxd5 exd5 5. Nc3 Nc6 6. g3 Nf6 7. Bg2 Be7 8. O-O O-O 9. Bg5 c4 10. Ne5 Be6 11. e3 h6 12. Bxf6 Bxf6 13. f4 Ne7 14. g4 g6 15. Qf3 Bxe5 16. fxe5 Qd7 17. h3 b5 18. Qf4 Kh7 19. Ne2 Rae8 20. Qg3 a5 21. Rf2 b4 22. Raf1 a4 23. Nf4 Kg7 24. h4 Ng8 25. Bf3 a3 26. bxa3 bxa3 27. g5 hxg5 28. Qxg5 Qd8 29. Nh5+ Kh7 30. Nf6+ Nxf6 31. exf6 Bf5 32. h5 Re6 33. hxg6+ Bxg6 34. Rh2+ Kg8 35. Rh8+ 1-0

[Event "CZE-ch Open 2019"]
[Site "Ostrava"]
[Date "2019.05.03"]
[Round "7.29"]
[White "Bulockin, Martin"]
[Black "Koubova, Anna Marie"]
[Result "1/2-1/2"]
[ECO "B50"]
[WhiteElo "2199"]
[BlackElo "2005"]
[Annotator "NA"]
[PlyCount "63"]
[EventDate "2019.04.27"]
[EventType "swiss"]
[EventCountry "CZE"]
[SourceTitle "playchess.com"]
[Source "ChessBase"]
[SourceQuality "1"]
[TimeControl "40/5400+30:1800+30"]

1. e4 c5 2. Nf3 d6 3. c3 Nf6 4. Be2 Nbd7 5. d3 e6 6. h3 Be7 7. O-O O-O 8. Bf4 b6 9. Nbd2 Bb7 10. Qc2 Rc8 11. Bh2 Re8 12. Rad1 Nf8 13. Qb1 Ng6 14. d4 Nh5 15. Rfe1 Nhf4 16. Bf1 Qc7 17. dxc5 dxc5 18. Qc1 Rcd8 19. Qc2 Qc8 20. a4 Bd6 21. a5 Bc7 22. g3 Nh5 23. Qa4 Nf6 24. e5 Nd7 25. g4 Qa8 26. Re3 Bc6 27. Bb5 Bxb5 28. Qxb5 a6 29. Qe2 b5 30. Ne4 Ndxe5 31. Nxe5 Bxe5 32. Bxe5 1/2-1/2

[Event "CZE-ch Open 2019"]
[Site "Ostrava"]
[Date "2019.05.03"]
[Round "7.30"]
[White "Malinovsky, Petr"]
[Black "Bartos, Jan"]
[Result "1/2-1/2"]
[ECO "E46"]
[WhiteElo "2003"]
[BlackElo "2178"]
[Annotator "NA"]
[PlyCount "83"]
[EventDate "2019.04.27"]
[EventType "swiss"]
[EventCountry "CZE"]
[SourceTitle "playchess.com"]
[Source "ChessBase"]
[SourceQuality "1"]
[TimeControl "40/5400+30:1800+30"]

1. d4 Nf6 2. c4 e6 3. Nc3 Bb4 4. e3 O-O 5. Nge2 Re8 6. a3 Bf8 7. e4 d5 8. e5 Nfd7 9. cxd5 exd5 10. f4 c5 11. Be3 cxd4 12. Nxd4 Nc6 13. Bb5 Ndxe5 14. fxe5 Rxe5 15. O-O Rxe3 16. Nxc6 bxc6 17. Bxc6 Bc5 18. Kh1 Ba6 19. Bxa8 Bxf1 20. Bxd5 Bd3 21. Bxf7+ Kxf7 22. Qh5+ Kg8 23. Qxc5 Qe8 24. h3 a6 25. Rd1 Re1+ 26. Rxe1 Qxe1+ 27. Kh2 Qd2 28. Qd5+ Kf8 29. Qd6+ Kf7 30. Ne4 Qe3 31. Qd7+ Kf8 32. Qd6+ Kf7 33. Qd5+ Kf8 34. Qf5+ Kg8 35. Qc8+ Kf7 36. Qc7+ Kf8 37. Qd8+ Kf7 38. Qc7+ Kf8 39. Qb8+ Kf7 40. Qb7+ Kf8 41. Qc8+ Ke7 42. Qc7+ 1/2-1/2

[Event "CZE-ch Open 2019"]
[Site "Ostrava"]
[Date "2019.05.03"]
[Round "7.31"]
[White "Vanek, Tomas"]
[Black "Jurek, Josef"]
[Result "1/2-1/2"]
[ECO "B40"]
[WhiteElo "2095"]
[BlackElo "2269"]
[Annotator "NA"]
[PlyCount "107"]
[EventDate "2019.04.27"]
[EventType "swiss"]
[EventCountry "CZE"]
[SourceTitle "playchess.com"]
[Source "ChessBase"]
[SourceQuality "1"]
[TimeControl "40/5400+30:1800+30"]

1. e4 c5 2. Nf3 e6 3. d3 d5 4. Nbd2 Nf6 5. g3 Nc6 6. Bg2 Be7 7. O-O b6 8. Re1 Qc7 9. Nf1 dxe4 {[%emt 0:06:56] C00: French: Unusual White 2nd moves} 10. Ng5 $146 ({Predecessor:} 10. dxe4 Ba6 11. Bf4 Qb7 12. c3 Rd8 13. Qc1 O-O 14. e5 Nd5 15. Bg5 Bd3 16. Ne3 Nxe3 17. Qxe3 Qc7 18. Rad1 {½-½ (39) Sadikhov,U (2483)-Nevednichy,V (2533) Cesme 2017}) 10... exd3 11. Qxd3 Bb7 12. Bf4 Qd7 13. Qxd7+ Nxd7 14. Nxe6 fxe6 15. Rxe6 Nd8 16. Bxb7 Nxe6 17. Bxa8 Nxf4 18. gxf4 Rf8 19. Ng3 Rxf4 20. Bc6 Kd8 21. Rd1 Rd4 22. Rxd4 cxd4 23. Bxd7 Kxd7 24. Ne2 Bf6 25. Nf4 Bg5 26. Nd3 Ke6 27. f4 Be7 28. Kg2 Kf5 29. Kf3 Bd6 30. h3 g6 31. a4 a6 32. b4 h6 33. b5 a5 34. h4 Bc7 35. Kg3 g5 36. hxg5 hxg5 37. Kf3 Bxf4 38. Nf2 Ke5 39. Nd3+ Kf5 40. Nf2 Bc7 41. Ng4 Bd8 42. Nh6+ Kg6 43. Ng4 Kh5 44. Ne5 Bc7 45. Ng4 Kh4 46. Nf6 Bd8 47. Ng4 Be7 48. Nf2 Bd6 49. Ng4 Bf4 50. Nf6 Be3 51. Ng4 $1 Bf4 ({Black should play} 51... Bd2 $17) 52. Nf6 $1 Bd6 (52... Bc7 $15) 53. Ng4 Kh5 54. Nf2 $15 1/2-1/2

[Event "CZE-ch Open 2019"]
[Site "Ostrava"]
[Date "2019.05.03"]
[Round "7.32"]
[White "Pavlicek, Lukas"]
[Black "Holy, Filip"]
[Result "1/2-1/2"]
[ECO "D10"]
[WhiteElo "1963"]
[BlackElo "2096"]
[Annotator "NA"]
[PlyCount "60"]
[EventDate "2019.04.27"]
[EventType "swiss"]
[EventCountry "CZE"]
[SourceTitle "playchess.com"]
[Source "ChessBase"]
[SourceQuality "1"]
[TimeControl "40/5400+30:1800+30"]

1. c4 c6 2. Nf3 d5 3. cxd5 cxd5 4. d4 Nf6 5. Nc3 a6 6. Bf4 Nc6 7. e3 Bg4 8. Be2 e6 9. Ne5 Bxe2 10. Qxe2 Rc8 11. O-O Bd6 12. Nxc6 Rxc6 13. Bxd6 Qxd6 14. Rac1 O-O 15. f3 Rfc8 16. Qd2 h6 17. Ne2 Rc4 18. b3 R4c6 19. Rxc6 Rxc6 20. Rc1 Qc7 21. Rxc6 Qxc6 22. Qc3 Qxc3 23. Nxc3 Kf8 24. Na4 Nd7 25. Kf2 Ke7 26. Ke2 Kd6 27. Kd3 Kc6 28. Nc3 Nf6 29. Ne2 Kb5 30. a3 Kc6 {[%emt 0:01:38] Ke4} 1/2-1/2

[Event "CZE-ch Open 2019"]
[Site "Ostrava"]
[Date "2019.05.03"]
[Round "7.33"]
[White "Kolar, Stanislav"]
[Black "Didi, Jan"]
[Result "1-0"]
[ECO "A34"]
[WhiteElo "2091"]
[BlackElo "2025"]
[Annotator "NA"]
[PlyCount "101"]
[EventDate "2019.04.27"]
[EventType "swiss"]
[EventCountry "CZE"]
[SourceTitle "playchess.com"]
[Source "ChessBase"]
[SourceQuality "1"]
[TimeControl "40/5400+30:1800+30"]

1. c4 c5 2. Nc3 Nf6 3. g3 d5 4. cxd5 Nxd5 5. Bg2 Nc7 6. d3 Nc6 7. Be3 e5 8. Rc1 Be6 9. Bxc6+ bxc6 10. Nf3 f6 11. Qa4 Bd5 12. O-O Ne6 13. Ne4 Nd4 14. Rfe1 Qb6 15. b3 Be7 16. Nfd2 O-O 17. Nc3 Be6 18. f3 Rab8 19. Bf2 f5 20. Nc4 Qc7 21. Qa5 Bd6 22. Qxc7 Bxc7 23. Kg2 Bxc4 24. dxc4 Ba5 25. e3 Ne6 26. Red1 Bxc3 27. Rxc3 Rbd8 28. Rcd3 Rxd3 29. Rxd3 Rd8 30. Rxd8+ Nxd8 31. e4 fxe4 32. Bxc5 a6 33. fxe4 Kf7 34. Kf3 Ne6 35. Bb6 Ke7 36. Ke3 Kd6 37. b4 g6 38. a4 Ng7 39. Kd3 Ne8 40. Bc5+ Kd7 41. Be3 Nc7 42. Bb6 Ne6 43. b5 cxb5 44. axb5 axb5 45. cxb5 Kd6 46. Kc4 Ng5 47. Bc5+ Ke6 48. b6 Kd7 49. Kd5 Nf3 50. Bd6 Kc8 51. Bxe5 1-0